 Dungeon Crawl Stone Soup version 0.29.1-12-g30fa7ad0bf (webtiles) character file.

Game seed: 6404669808359236094

11030 Radix the Covert (level 11, -4/67 HPs)
             Began as a Gargoyle Earth Elementalist on Dec 28, 2022.
             Was a Priest of Vehumet.
             Slain by a boulder beetle (34 damage)
             ... on level 11 of the Dungeon.
             The game lasted 01:36:13 (13265 turns).

Radix the Covert (Gargoyle Earth Elementalist)     Turns: 13265, Time: 01:36:14

Health: -4/67      AC: 15    Str: 15    XL:     11   Next: 71%
Magic:  0/23       EV: 11    Int: 26    God:    Vehumet [***...]
Gold:   873        SH:  5    Dex: 10    Spells: 10/27 levels left

rFire   . . .      SeeInvis +   n - +3 trident of Spite {speed, rCorr Str+3 SInv}
rCold   + . .      Faith    .   B - +2 buckler
rNeg    + . .      Spirit   +   H - +2 robe {rC+}
rPois   ∞          Reflect  .   (no helmet)
rElec   +          Harm     .   t - +0 cloak of Fedhas's Benevolence {rCorr}
rCorr   +          Rampage  .   R - +1 pair of gloves
Will    +....                   (no boots)
Stlth   +++++.....              u - amulet of guardian spirit
HPRegen 0.21/turn               i - +6 ring of intelligence
MPRegen 0.18/turn               L - ring of willpower

@: studying Stealth
A: sickness immunity, AC +8, negative energy resistance 1, electricity
resistance, torment resistance 1, petrification resistance
a: Renounce Religion


You were on level 11 of the Dungeon.
You worshipped Vehumet.
Vehumet was most pleased with you.
You visited 1 branch of the dungeon, and saw 11 of its levels.
You also visited: Bailey.

You collected 895 gold pieces.
You spent 22 gold pieces at shops.

Inventory:

Hand Weapons
 a - a +3 morningstar of freezing
 f - a +2 whip of electrocution
 g - a +0 rapier
 h - a +3 flail of protection
 n - the +3 trident of Spite (weapon) {speed, rCorr Str+3 SInv}
   (You found it on level 2 of the Dungeon)

   Attacks with this weapon are significantly faster.
   Str:       It affects your strength (+3).
   SInv:      It lets you see invisible.
   rCorr:     It protects you from acid and corrosion.
 y - a +2 dire flail of holy wrath
 J - the +10 short sword of Tuemp {vorpal, Will+}
   (You found it on level 10 of the Dungeon)

   It inflicts extra damage upon your enemies.
   Will:      It increases your willpower.
Armour
 t - the +0 cloak of Fedhas's Benevolence (worn) {rCorr}
   (You found it on level 3 of the Dungeon)

   rCorr:     It protects you from acid and corrosion.
 A - +0 swamp dragon scales
 B - a +2 buckler (worn)
 H - a +2 robe of cold resistance (worn)
 R - a +1 pair of gloves (worn)
Magical Staves
 v - a staff of fire
Jewellery
 d - a ring of protection from fire
 i - a +6 ring of intelligence (left hand)
 u - an amulet of guardian spirit (around neck)
 L - a ring of willpower (right hand)
Wands
 r - a wand of polymorph (10)
 s - a wand of light (5)
 E - a wand of iceblast (4)
 M - a wand of paralysis (12)
 N - a wand of flame (26)
Scrolls
 b - a scroll of torment
 k - a scroll of enchant weapon
 o - a scroll of vulnerability {unknown}
 w - a scroll of fog {unknown}
 x - 7 scrolls of amnesia {unknown}
 z - 3 scrolls of poison {unknown}
 C - a scroll of brand weapon {unknown}
 D - 2 scrolls of teleportation
 G - 2 scrolls of identify
 O - a scroll of blinking
 P - 4 scrolls of fear {unknown}
 Q - 3 scrolls of summoning
 T - a scroll of immolation
 Z - 2 scrolls of enchant armour
Potions
 c - 2 potions of flight
 e - a potion of ambrosia
 j - a potion of curing
 l - 3 potions of mutation
 m - 3 potions of attraction
 p - a potion of brilliance {unknown}
 q - 2 potions of lignification
 F - 2 potions of haste {unknown}
 I - 3 potions of might {unknown}
 S - 2 potions of cancellation {unknown}
 U - a potion of berserk rage {unknown}
 W - a potion of experience
 X - a potion of invisibility {unknown}
 Y - 2 potions of resistance {unknown}


   Skills:
 + Level 7.1 Fighting
 - Level 1.5 Dodging
 - Level 11.6 Stealth
 + Level 8.7 Spellcasting
 + Level 9.5 Conjurations
 - Level 0.7 Transmutations
 + Level 11.5 Earth Magic


You had 10 spell levels left.
You knew the following spells:

 Your Spells              Type           Power      Damage    Failure   Level
a - Sandblast             Erth           100%       2d20      1%          1
b - Stone Arrow           Conj/Erth      100%       3d13      1%          3
c - Passwall              Tmut/Erth      35%        N/A       1%          2
d - Iskenderun's Battles  Conj           57%        2d11      1%          5
e - Iron Shot             Conj/Erth      30%        9d6       4%          6

Your spell library contained the following spells:

 Spells                   Type           Power      Damage    Failure   Level
 Frozen Ramparts          Ice            22%        1d4       6%          3
 Magic Dart               Conj           100%       1d8       1%          1
 Mephitic Cloud           Conj/Pois/Air  27%        N/A       1%          3
 Flame Wave               Conj/Fire      36%        2d10      2%          4
 Scorch                   Fire           22%        2d6       3%          2
 Petrify                  Tmut/Erth      43%        N/A       5%          4
 Leda's Liquefaction      Hex/Erth       20%        N/A       7%          4
 Call Imp                 Summ           11%        N/A       11%         2
 Borgnjor's Vile Clutch   Necr/Erth      20%        N/A       19%         5
 Call Canine Familiar     Summ           11%        N/A       22%         3
 Gell's Gravitas          Tloc           11%        N/A       22%         3
 Portal Projectile        Hex/Tloc       22%        N/A       22%         3
 Teleport Other           Tloc           11%        N/A       22%         3
 Tukima's Dance           Hex            11%        N/A       22%         3
 Blade Hands              Tmut           7%         N/A       83%         5
 Alistair's Intoxication  Tmut/Pois      8%         N/A       86%         5
 Spellforged Servitor     Conj/Summ      18%        N/A       88%         7
 Eringya's Noxious Bog    Tmut/Pois      6%         N/A       90%         6
 Dispersal                Tloc           5%         N/A       100%        6
 Summon Cactus Giant      Summ           5%         N/A       100%        6


Dungeon Overview and Level Annotations

Branches:
Dungeon (11/15)            Temple (0/1) D:7            Lair (0/5) D:9
 Bailey (visited)
    Orc: D:9-12

Altars:
Ashenzari
Cheibriados
Dithmenos
Elyvilon
Sif Muna
Trog
Uskayaw
Vehumet
Wu Jian
Zin
The Shining One

Shops:
D:3 ?

Annotations:
D:4 Unglued128's ghost, amateur DrCj


Innate Abilities, Weirdness & Mutations

You are immune to sickness and miasma.
Your stone body is resilient. (AC +8)
You are immune to poison.
You resist negative energy. (rN+)
You are resistant to electric shocks. (rElec)
You are resistant to unholy torment.
You are immune to petrification.


Message History

You block the killer bee's attack. The killer bee closely misses you.
The killer bee misses you.
Casting: Sandblast (safe; 1% risk of failure)
Confirm with . or Enter, or press ? or * to list all spells.
Aiming: Sandblast (safe; 1% risk of failure)
Press: ? - help, Shift-Dir - straight line, f/p - killer bee
Aim: a killer bee (heavily wounded, 70% to hit)
The blast of sand hits the killer bee!!
You kill the killer bee!
Vehumet accepts your kill.
You feel your power returning.
The boulder beetle curls into a ball and begins rolling!
The boulder beetle hits you!!!
The boulder beetle stops rolling and uncurls.
The boulder beetle waves its antennae.
The boulder beetle attacks as you move away!
The boulder beetle bites you but does no damage.
You feel better.
The boulder beetle waves its antennae.
The boulder beetle bites you!!
The boulder beetle curls into a ball and begins rolling!
A boulder beetle is nearby!
Blink to where?
Press: ? - help, Dir - move target
As you read the scroll of blinking, it crumbles to dust.
Magic courses through your body.
Casting: Sandblast (safe; 1% risk of failure)
Confirm with . or Enter, or press ? or * to list all spells.
Aiming: Iron Shot (dangerous; 4% risk of failure)
Press: ? - help, Shift-Dir - straight line, f - boulder beetle
Aim: a boulder beetle (rolling, 100% to hit)
The iron shot hits the boulder beetle!!
The boulder beetle is moderately wounded.
Casting: Iron Shot (dangerous; 4% risk of failure)
Confirm with . or Enter, or press ? or * to list all spells.
Aiming: Iron Shot (dangerous; 4% risk of failure)
Press: ? - help, Shift-Dir - straight line, p - boulder beetle The boulder beetle hits you!!!
Ouch! That really hurt!
You die...

#### ##.#########
...###............#
##...#.#..........#
###..○#○.........###
##°.°...(°.......
####.........°....#
#....##.......○...#
..######...)...B..#
### #........@.# #
####....##########
####..........###
###.#...........
..............#
########
.#####........#
........ #........#
##.#...# #........#
..... # #........#


You could see a boulder beetle (rolling).

Vanquished Creatures
  A two-headed ogre (D:10)
  2 orc knights (Bailey)
  Pikel (D:9)
  A deep elf pyromancer (D:9)
  Maurice (D:8)
  An ice statue (D:10)
  An unseen horror (D:10)
  Maggie (D:9)
  A kobold demonologist (D:10)
  A troll (D:9)
  A slime creature (D:7)
  A shadow (D:10)
  3 wyverns
  A basilisk (shapeshifter) (D:7)
  A steam dragon (D:10)
  Edmund (D:6)
  Duvessa (D:6)
  2 water moccasins (D:7)
  6 ice beasts
  12 orc warriors
  2 sky beasts (D:7)
  2 black bears
  2 centaurs
  3 ogres
  A lemure (D:9)
  3 kobold brigands
  A gnoll sergeant (D:9)
  Blork the orc (D:6)
  3 bullfrogs
  3 scorpions
  6 wights
  Dowan (D:6)
  11 killer bees
  3 howler monkeys
  An electric eel (D:6)
  5 hounds
  A jelly (D:5)
  3 orc priests
  9 iguanas
  23 orc wizards
  19 gnolls
  5 adders
  3 white imps
  An ufetubus (D:7)
  2 worms (D:2)
  A dart slug (D:3)
  59 orcs
  5 ball pythons
  4 bats
  4 endoplasms
  5 giant cockroaches
  4 goblins
  10 hobgoblins
  2 jackals (D:3)
  3 quokkas
  4 frilled lizards
  16 kobolds
  12 rats
283 creatures vanquished.

Vanquished Creatures (others)
  8 plants (D:7)
  3 toadstools (D:9)
11 creatures vanquished.

Grand Total: 294 creatures vanquished

Notes
Turn   | Place    | Note
-------+----------+-------------------------------------------
     0 | D:1      | Radix the Gargoyle Earth Elementalist began the quest for
                  | the Orb.
     0 | D:1      | Reached XP level 1. HP: 10/10 MP: 3/3
    36 | D:1      | Found a faded altar of an unknown god.
   183 | D:1      | Reached XP level 2. HP: 15/15 MP: 0/5
   930 | D:1      | Reached XP level 3. HP: 19/19 MP: 4/6
  1334 | D:2      | Reached XP level 4. HP: 24/24 MP: 4/8
  1423 | D:2      | Learned a level 3 spell: Stone Arrow
  1491 | D:2      | Identified the +3 trident of Spite {speed, rCorr Str+3
                  | SInv}
  1590 | D:2      | Reached skill level 5 in Earth Magic
  1591 | D:2      | Reached skill level 1 in Conjurations
  2000 | D:3      | Reached XP level 5. HP: 28/28 MP: 10/10
  2072 | D:3      | Found Gepenon's Magic Scroll Shoppe.
  2089 | D:3      | Bought a scroll of identify for 22 gold pieces
  2163 | D:3      | Identified the +0 cloak of Fedhas's Benevolence {rCorr}
  2256 | D:3      | Found a glowing golden altar of the Shining One.
  2256 | D:3      | Found a white marble altar of Elyvilon.
  2256 | D:3      | Found a glowing silver altar of Zin.
  2442 | D:3      | Found a bloodstained altar of Trog.
  2694 | D:4      | Noticed an ogre
  2698 | D:4      | Killed an ogre
  2699 | D:4      | Reached XP level 6. HP: 32/32 MP: 4/11
  3427 | D:4      | Noticed a black bear
  3434 | D:4      | Killed a black bear
  3435 | D:4      | Reached skill level 5 in Stealth
  3435 | D:4      | Reached XP level 7. HP: 36/36 MP: 3/13
  3551 | D:4      | Found a runed translucent door.
  3639 | D:4      | Noticed Unglued128's ghost (amateur DrCj)
  3938 | D:5      | Entered Level 5 of the Dungeon
  4159 | D:5      | Found a broken altar of Ashenzari.
  4453 | D:5      | Reached XP level 8. HP: 41/41 MP: 8/15
  5387 | D:5      | Reached skill level 5 in Spellcasting
  5605 | D:6      | Noticed Blork the orc
  5607 | D:6      | Killed Blork the orc
  5651 | D:6      | Noticed Duvessa
  5655 | D:6      | Noticed Dowan
  5758 | D:5      | You fall into a shaft and drop 2 floors!
  5778 | D:7      | Learned a level 2 spell: Passwall
  5838 | D:6      | Found a radiant altar of Vehumet.
  5841 | D:6      | Became a worshipper of Vehumet
  5864 | D:6      | Found a hide-covered altar of Uskayaw.
  5877 | D:6      | Reached skill level 5 in Conjurations
  5883 | D:6      | Killed Duvessa
  5894 | D:6      | Killed Dowan
  6159 | D:6      | Reached XP level 9. HP: 45/45 MP: 7/17
  6322 | D:6      | Noticed Edmund
  6389 | D:6      | Killed Edmund
  7059 | D:6      | Found a snail-covered altar of Cheibriados.
  7280 | D:7      | Found a shimmering blue altar of Sif Muna.
  7354 | D:7      | Reached skill level 10 in Stealth
  7467 | D:7      | Reached * piety under Vehumet
  7467 | D:7      | Offered knowledge of Freeze by Vehumet.
  7468 | D:7      | Reached skill level 1 in Fighting
  7742 | D:7      | Noticed a cane toad
  7751 | D:7      | Noticed a wind drake
  7751 | D:7      | a cane toad changed into a wind drake
  7756 | D:7      | Noticed a queen bee
  7756 | D:7      | a wind drake changed into a queen bee
  7857 | D:7      | Reached XP level 10. HP: 48/55 MP: 13/20
  8110 | D:7      | Found a staircase to the Ecumenical Temple.
  8863 | D:8      | Noticed Maurice
  8869 | D:8      | Killed Maurice
  9242 | D:8      | Reached ** piety under Vehumet
  9245 | D:8      | Offered knowledge of Poisonous Vapours by Vehumet.
  9403 | D:8      | Noticed an eight-headed hydra
  9715 | D:9      | Identified a scroll of acquirement
  9715 | D:9      | Acquired a book of Power
  9724 | D:9      | Learned a level 5 spell: Iskenderun's Battlesphere
  9731 | D:9      | Learned a level 6 spell: Iron Shot
  9740 | D:9      | Found a flagged portal.
  9751 | Bailey   | Entered a bailey
 10242 | Bailey   | Noticed an orc knight
 10242 | Bailey   | Noticed an orc knight
 10257 | Bailey   | Killed an orc knight
 10258 | Bailey   | Reached skill level 10 in Earth Magic
 10277 | Bailey   | Killed an orc knight
 10434 | Bailey   | Reached skill level 5 in Fighting
 10449 | Bailey   | Offered knowledge of Static Discharge by Vehumet.
 11142 | D:9      | Found a staircase to the Lair.
 11234 | D:9      | Reached XP level 11. HP: 64/64 MP: 17/22
 11269 | D:9      | Reached *** piety under Vehumet
 11443 | D:9      | Noticed a deep elf pyromancer
 11447 | D:9      | Killed a deep elf pyromancer
 11484 | D:9      | Noticed Maggie
 11491 | D:9      | Killed Maggie
 11599 | D:9      | Found a shadowy altar of Dithmenos.
 11680 | D:9      | Noticed Pikel
 11685 | D:9      | Killed Pikel
 11979 | D:10     | Entered Level 10 of the Dungeon
 12125 | D:10     | Noticed a two-headed ogre
 12380 | D:10     | Offered knowledge of Frozen Ramparts by Vehumet.
 12794 | D:10     | Identified the +10 short sword of Tuemp {vorpal, Will+}
 12852 | D:10     | Found an ornate altar of the Wu Jian Council.
 13080 | D:10     | Killed a two-headed ogre
 13244 | D:11     | Noticed a boulder beetle
 13265 | D:11     | Slain by a boulder beetle

Illustrated notes

Levels and vault maps discovered:
D:1:      dpeg_arrival_prison, layout_loops_ring,
          shapermc_ecumenical_altar_mp_ritualfount
D:2:      layout_loops_ring
D:3:      layout_loops_ring, dreamdust_divine_triumvirate,
          general_overflow_altar, serial_shops, shop,
          minmay_misc_feat_four_crosses
D:4:      layout_rooms, ebering_ghost_reflecting_pool
D:5:      layout_loops_ring, ashenzari_altar_1, minmay_holes, minmay_checkerbox
D:6:      minmay_flawed_box, layout_rooms, lemuel_doored_altar,
          mainiacjoe_overflow_swirl, lightli_minifort, uniq_blork_the_orc,
          uniq_edmund, uniq_duvessa
D:7:      nzn_winding_woodlands_three_and_one
          [nzn_winding_woodlands_5x15_longhouse,
          nzn_winding_woodlands_5x15_concentric,
          nzn_winding_woodlands_5x15_crooked,
          nzn_winding_woodlands_center_garden], layout_cave_pods,
          overflow_temple_1_default, minmay_temple_entry_mist
D:8:      layout_basic, marbit_many_paths, uniq_maurice
D:9:      layout_roguey, nicolae_dithmenos_through_a_glass_darkly,
          enter_bailey_2, minmay_gold_behind_fungi, uniq_pikel, uniq_maggie
D:10:     lemuel_ice_statue, layout_loops_ring,
          pdpol_wu_jian_five_deadly_venoms, nicolae_two_hexagons
D:11:     layout_rooms, lemuel_flamethrower_2

Skill      XL: |  1  2  3  4  5  6  7  8  9 10 11 |
---------------+----------------------------------+-----
Earth Magic    | 4 5 6 8 9 10 11 | 11.5
Spellcasting   | 3 4 5 6 7 8 |  8.7
Conjurations   | 1 2 3 4 5 6 8 9 |  9.5
Stealth        | 3 5 6 8 10 11 | 11.6
Fighting       | 2 5 7 |  7.1
Dodging        | |  1.5
Transmutations | |  0.7

Action                   |  1- 3 |  4- 6 |  7- 9 | 10-12 || total
-------------------------+-------+-------+-------+-------++-------
Melee: Whip              |     3 |     4 |       |       ||     7
       Trident           |       |    37 |   119 |    71 ||   227
       Punch             |       |       |     1 |       ||     1
 Cast: Sandblast         |    44 |    57 |    91 |   111 ||   303
       Stone Arrow       |       |     6 |    47 |    79 ||   132
       Iskenderun's Batt |       |       |       |     6 ||     6
       Iron Shot         |       |       |       |     7 ||     7
Evoke: Wand              |       |       |     8 |       ||     8
  Use: Scroll            |       |     2 |     8 |     9 ||    19
       Potion            |       |       |     5 |     8 ||    13
 Stab: Sleeping          |       |       |       |     1 ||     1
Armor: Robe              |     2 |       |    48 |    78 ||   128
       Leather armour    |     2 |    20 |    26 |       ||    48
Dodge: Dodged            |     3 |    31 |    91 |    94 ||   219
Block: Buckler           |       |       |       |    15 ||    15
